[Event "2. AUT Bundesliga 2020-21"]
[Site "Graz"]
[Date "2021.03.12"]
[Round "1.4"]
[White "Guetz, Wolfgang"]
[Black "Wiesinger, Robert"]
[Result "1/2-1/2"]
[ECO "C44"]
[WhiteElo "2061"]
[BlackElo "2239"]
[Annotator "broadcasts"]
[PlyCount "43"]
[EventDate "2021.01.17"]
[EventType "team-tourn"]
[EventCountry "AUT"]
[TimeControl "40/5400+30:1800+30"]

1. e4 e5 2. Nf3 Nc6 3. d4 exd4 4. Nxd4 Nf6 5. Nxc6 bxc6 6. Bd3 d5 7. exd5 cxd5 8. O-O Be7 9. h3 O-O 10. Nd2 c5 11. c3 h6 12. Nf3 Bd6 13. Be3 Re8 14. Re1 Be6 15. Qa4 Bd7 16. Qh4 a5 17. g4 Ne4 18. Qh5 Nf6 19. Qh4 Ne4 20. Qh5 Nf6 21. Qh4 Ne4 22. Qh5 1/2-1/2

[Event "2. AUT Bundesliga 2020-21"]
[Site "Graz"]
[Date "2021.03.12"]
[Round "1.6"]
[White "Egger, Philipp"]
[Black "Ring, Rudolf"]
[Result "1-0"]
[ECO "D45"]
[WhiteElo "1999"]
[BlackElo "1737"]
[Annotator "broadcasts"]
[PlyCount "63"]
[EventDate "2021.01.17"]
[EventType "team-tourn"]
[EventCountry "AUT"]
[TimeControl "40/5400+30:1800+30"]

1. d4 d5 2. c4 c6 3. Nc3 Nf6 4. Nf3 e6 5. e3 Be7 6. Qc2 Nbd7 7. cxd5 exd5 8. Bd3 h6 9. Bd2 Nb6 10. Ne5 Ng4 11. Nxg4 Bxg4 12. O-O Qd7 13. a4 a6 14. Qb3 Nc8 15. f3 Be6 16. Qc2 O-O 17. f4 f5 18. a5 Na7 19. Na4 Rae8 20. Rfc1 Nc8 21. Qb3 Rf7 22. Be2 Kh7 23. Qc2 Nd6 24. Nc5 Qc8 25. Nd3 Bf6 26. Ra4 Nc4 27. Nc5 Nd6 28. Bd3 Ne4 29. Bxe4 fxe4 30. Rb4 Bd8 31. Qa4 Qc7 32. Rxb7 1-0

[Event "2. AUT Bundesliga 2020-21"]
[Site "Graz"]
[Date "2021.03.12"]
[Round "1.7"]
[White "Nagy, Gabor"]
[Black "Bachlechner, Julian"]
[Result "1-0"]
[ECO "E11"]
[WhiteElo "2516"]
[BlackElo "2214"]
[Annotator "broadcasts"]
[PlyCount "43"]
[EventDate "2021.01.17"]
[EventType "team-tourn"]
[EventCountry "AUT"]
[TimeControl "40/5400+30:1800+30"]

1. d4 e6 2. Nf3 Nf6 3. c4 Bb4+ 4. Nbd2 O-O 5. g3 d5 6. Bg2 c5 7. dxc5 Bxc5 8. O-O Nc6 9. a3 a5 10. cxd5 Nxd5 11. Qc2 Ba7 12. e4 Nf6 13. Nc4 Qe7 14. Bf4 Rd8 15. Rac1 Nh5 16. Bd2 Bb8 17. e5 b5 18. Ng5 Qc7 19. Qxh7+ Kf8 20. Qh8+ Ke7 21. Qxh5 Rf8 22. Nxa5 1-0

[Event "2. AUT Bundesliga 2020-21"]
[Site "Graz"]
[Date "2021.03.12"]
[Round "1.11"]
[White "Marakovits, Nico"]
[Black "Hafner, Robert"]
[Result "1/2-1/2"]
[ECO "D10"]
[WhiteElo "2214"]
[BlackElo "2006"]
[Annotator "broadcasts"]
[PlyCount "116"]
[EventDate "2021.01.17"]
[EventType "team-tourn"]
[EventCountry "AUT"]
[TimeControl "40/5400+30:1800+30"]

1. d4 d5 2. c4 c6 3. cxd5 cxd5 4. Nc3 Nf6 5. Bf4 Nc6 6. Nf3 e6 7. e3 Bd6 8. Bg3 O-O 9. Bd3 Qe7 10. O-O Bd7 11. Qe2 Rfc8 12. Rfc1 Be8 13. Bh4 Qd8 14. a3 Be7 15. Nd2 a6 16. b4 Nd7 17. Bxe7 Qxe7 18. Na4 b5 19. Nc5 Nb6 20. Qh5 h6 21. Qd1 Nc4 22. Nxc4 bxc4 23. Be2 Nd8 24. e4 Nb7 25. exd5 exd5 26. Bf3 Bc6 27. Na4 Bxa4 28. Qxa4 Qd6 29. Re1 f6 30. Bg4 Rd8 31. g3 Qb6 32. Rad1 Qb5 33. Qc2 Re8 34. Be6+ Kh8 35. Qg6 Nd6 36. Qh5 Rad8 37. Qxd5 Qxd5 38. Bxd5 Rxe1+ 39. Rxe1 c3 40. Rc1 Nb5 41. Bf3 Nxa3 42. Rxc3 Nb5 43. Rb3 Nxd4 44. Ra3 Nxf3+ 45. Rxf3 Rb8 46. Rf4 Rb5 47. Kg2 a5 48. bxa5 Rxa5 49. Rb4 Kh7 50. h4 h5 51. Kf3 Kg6 52. Kf4 Rf5+ 53. Ke3 Ra5 54. f3 Re5+ 55. Re4 Ra5 56. g4 hxg4 57. Rxg4+ Kh6 58. Rd4 Rb5 1/2-1/2

[Event "2. AUT Bundesliga 2020-21"]
[Site "Graz"]
[Date "2021.03.12"]
[Round "1.12"]
[White "Bresch, Manfred"]
[Black "Stradner, Stefan"]
[Result "1/2-1/2"]
[ECO "C01"]
[WhiteElo "2008"]
[BlackElo "2124"]
[Annotator "broadcasts"]
[PlyCount "62"]
[EventDate "2021.01.17"]
[EventType "team-tourn"]
[EventCountry "AUT"]
[TimeControl "40/5400+30:1800+30"]

1. e4 e6 2. d4 d5 3. exd5 exd5 4. Nf3 Nf6 5. Bd3 c5 6. O-O c4 7. Be2 Bd6 8. Bg5 O-O 9. Nc3 Be6 10. Ne5 Nc6 11. Ng4 Be7 12. Bf3 Nxg4 13. Bxe7 Qxe7 14. Bxg4 Qf6 15. Bxe6 fxe6 16. Ne2 Rae8 17. f4 Ne7 18. Qd2 Nf5 19. Rae1 h5 20. Rf3 g6 21. a3 Re7 22. c3 Nd6 23. Ng3 h4 24. Nh1 Ne4 25. Qc2 Kf7 26. Nf2 Nxf2 27. Qxf2 Rc7 28. Re5 Kg7 29. Rg5 Rh8 30. Rh3 Rf7 31. Rf3 Rc7 1/2-1/2

[Event "2. AUT Bundesliga 2020-21"]
[Site "Graz"]
[Date "2021.03.12"]
[Round "1.18"]
[White "Pretterhofer, Kiaras"]
[Black "Steiner, Peter"]
[Result "1/2-1/2"]
[ECO "E92"]
[WhiteElo "1979"]
[BlackElo "1968"]
[Annotator "NA"]
[PlyCount "33"]
[EventDate "2021.01.17"]
[EventType "team-tourn"]
[EventCountry "AUT"]
[TimeControl "40/5400+30:1800+30"]

1. Nf3 Nf6 2. d4 g6 3. c4 Bg7 4. Nc3 O-O 5. e4 d6 6. Be2 e5 7. dxe5 dxe5 8. Qxd8 Rxd8 9. Bg5 Re8 10. O-O-O Na6 11. h3 Be6 12. Be3 c6 13. Ng5 Bc8 14. Nf3 Be6 15. Ng5 Bc8 16. Nf3 Be6 17. Ng5 1/2-1/2

[Event "2. AUT Bundesliga 2020-21"]
[Site "Graz"]
[Date "2021.03.13"]
[Round "2.1"]
[White "Rogic, Davor"]
[Black "Huber, Martin Christian"]
[Result "1/2-1/2"]
[ECO "B49"]
[WhiteElo "2492"]
[BlackElo "2344"]
[Annotator "ChessBase"]
[PlyCount "79"]
[EventDate "2021.01.17"]
[EventType "team-tourn"]
[EventCountry "AUT"]
[SourceTitle "playchess.com"]
[Source "ChessBase"]
[SourceQuality "1"]
[TimeControl "40/5400+30:1800+30"]

1. e4 c5 2. Nf3 e6 3. d4 cxd4 4. Nxd4 Nc6 5. Nc3 Qc7 6. Be3 a6 7. Be2 Nf6 8. a3 Be7 9. f4 d6 10. g4 Na5 11. g5 Nd7 12. Rf1 b5 13. Qd2 Nb6 14. b3 Bd7 15. Bd3 Nb7 16. f5 Rc8 17. fxe6 fxe6 18. Nce2 Nc5 19. Ng3 g6 20. Nde2 Bc6 21. h4 Nbd7 22. b4 Nxd3+ 23. cxd3 Ne5 24. Rc1 Qb7 25. Nd4 Bd7 26. Rxc8+ Bxc8 27. Nge2 Nf7 28. Qa2 Qd7 29. Nf4 Nd8 30. Nf3 Rf8 31. h5 gxh5 32. Nxh5 Rf7 33. Qg2 e5 34. Nf6+ Bxf6 35. gxf6 Qh3 36. Qg8+ Rf8 37. Qg7 Rf7 38. Qg8+ Rf8 39. Qg7 Rf7 40. Qg8+ 1/2-1/2

[Event "2. AUT Bundesliga 2020-21"]
[Site "Graz"]
[Date "2021.03.13"]
[Round "2.2"]
[White "Eder, Matthias"]
[Black "Dietmayer-Kraeutler, Marco"]
[Result "1/2-1/2"]
[ECO "D35"]
[WhiteElo "2170"]
[BlackElo "2284"]
[Annotator "ChessBase"]
[PlyCount "65"]
[EventDate "2021.01.17"]
[EventType "team-tourn"]
[EventCountry "AUT"]
[SourceTitle "playchess.com"]
[Source "ChessBase"]
[SourceQuality "1"]
[TimeControl "40/5400+30:1800+30"]

1. d4 d5 2. c4 e6 3. Nc3 Nf6 4. cxd5 exd5 5. Bg5 Nbd7 6. e3 Be7 7. Bd3 Nf8 8. Nge2 Ne6 9. Bh4 c6 10. Qc2 g6 11. O-O Ng7 12. b4 a6 13. Bxf6 Bxf6 14. a4 O-O 15. b5 a5 16. bxc6 bxc6 17. Rab1 Ne6 18. Rfd1 Bd7 19. e4 Nxd4 20. Nxd4 Bxd4 21. exd5 cxd5 22. Nxd5 Bg7 23. Nb6 Ra7 24. Nxd7 Rxd7 25. Bb5 Rxd1+ 26. Rxd1 Qc8 27. Qd2 Qc3 28. Qxc3 Bxc3 29. Rd7 Rc8 30. g3 Bb4 31. Bd3 Re8 32. Be4 Re7 33. Bd3 1/2-1/2

[Event "2. AUT Bundesliga 2020-21"]
[Site "Graz"]
[Date "2021.03.13"]
[Round "2.3"]
[White "Ragger, Anna-Christina"]
[Black "Kristoferitsch, Daniel"]
[Result "0-1"]
[ECO "C07"]
[WhiteElo "2198"]
[BlackElo "2166"]
[Annotator "NA"]
[PlyCount "121"]
[EventDate "2021.01.17"]
[EventType "team-tourn"]
[EventCountry "AUT"]
[SourceTitle "playchess.com"]
[Source "ChessBase"]
[SourceQuality "1"]
[TimeControl "40/5400+30:1800+30"]

1. e4 e6 2. d4 d5 3. Nd2 c5 4. exd5 Qxd5 5. Ngf3 cxd4 6. Bc4 Qd8 7. O-O Nc6 8. Nb3 a6 9. Nbxd4 Nxd4 10. Nxd4 Bd6 11. Bb3 Ne7 12. Re1 Qc7 13. h3 O-O 14. c3 Bd7 15. Bg5 e5 16. Bxe7 Bxe7 {[%emt 0:00:30] [#]} 17. Qh5 $1 Bf6 18. Nf5 g6 19. Nh6+ Kg7 20. Qf3 Qb6 21. Ng4 Bxg4 22. hxg4 Rad8 23. Rad1 h6 24. Rd5 Rxd5 25. Qxd5 Qc7 26. Rd1 Rd8 27. Qf3 Rxd1+ 28. Qxd1 Qd8 29. Qf3 Qd7 30. a4 b6 31. Qa8 $11 a5 32. Qb8 Qd8 33. Qb7 Be7 34. g3 Qd6 35. Kg2 Qf6 36. Qd5 Bc5 37. f3 Qe7 38. Ba2 Qf6 39. Qc4 Qe7 40. Kh3 Kg8 41. Qa6 Qd7 42. Qc4 h5 43. b4 hxg4+ 44. fxg4 Bd6 45. bxa5 bxa5 46. Qd5 Qc7 47. Kg2 Kg7 48. c4 Qc5 49. Qd3 Qa3 50. Bb3 Qb2+ 51. Kf3 e4+ 52. Kxe4 Qe5+ 53. Kf3 Qxg3+ 54. Ke2 Qxg4+ 55. Kd2 Qg2+ 56. Kd1 Qg1+ 57. Kc2 Be5 58. Qd5 Qf2+ 59. Kd3 Qf1+ 60. Kc2 Qe2+ 61. Kb1 0-1

[Event "2. AUT Bundesliga 2020-21"]
[Site "Graz"]
[Date "2021.03.13"]
[Round "2.5"]
[White "Guetz, Wolfgang"]
[Black "Wendl, Philipp"]
[Result "1/2-1/2"]
[ECO "C45"]
[WhiteElo "2061"]
[BlackElo "1942"]
[Annotator "ChessBase"]
[PlyCount "62"]
[EventDate "2021.01.17"]
[EventType "team-tourn"]
[EventCountry "AUT"]
[SourceTitle "playchess.com"]
[Source "ChessBase"]
[SourceQuality "1"]
[TimeControl "40/5400+30:1800+30"]

1. e4 e5 2. Nf3 Nc6 3. d4 exd4 4. Nxd4 Nf6 5. Nxc6 bxc6 6. e5 Qe7 7. Qe2 Nd5 8. c4 Ba6 9. b3 Qh4 10. Bb2 Bb4+ 11. Nd2 Nc3 12. Bxc3 Bxc3 13. Rc1 Qd4 14. f4 Bb4 15. g3 Bxd2+ 16. Qxd2 Qe4+ 17. Kf2 Qxh1 18. Bg2 Qxh2 19. Rh1 Qxh1 20. Bxh1 Bb7 21. Qa5 Kd8 22. Bf3 h5 23. e6 dxe6 24. Qg5+ Kd7 25. Qxg7 Ke7 26. Qg5+ Kd7 27. Qf6 Raf8 28. Qd4+ Kc8 29. Qxa7 h4 30. gxh4 Rxh4 31. Kg3 Rh6 1/2-1/2

[Event "2. AUT Bundesliga 2020-21"]
[Site "Graz"]
[Date "2021.03.13"]
[Round "2.6"]
[White "Pretterhofer, Kiaras"]
[Black "Kobas, Mihael"]
[Result "1/2-1/2"]
[ECO "B92"]
[WhiteElo "1979"]
[BlackElo "2030"]
[Annotator "ChessBase"]
[PlyCount "60"]
[EventDate "2021.01.17"]
[EventType "team-tourn"]
[EventCountry "AUT"]
[SourceTitle "playchess.com"]
[Source "ChessBase"]
[SourceQuality "1"]
[TimeControl "40/5400+30:1800+30"]

1. e4 c5 2. Nf3 d6 3. d4 cxd4 4. Nxd4 Nf6 5. Nc3 a6 6. Be2 e5 7. Nb3 Be7 8. O-O O-O 9. Be3 Be6 10. f4 Qc7 11. f5 Bc4 12. Bxc4 Qxc4 13. Qd3 Qxd3 14. cxd3 b5 15. Rac1 Nbd7 16. Rfd1 Rfc8 17. a3 Bd8 18. h3 Bb6 19. Bxb6 Nxb6 20. Kf2 Kf8 21. Kf3 Rc7 22. Ne2 Rac8 23. Rxc7 Rxc7 24. Rc1 Rxc1 25. Nbxc1 Ke7 26. b3 d5 27. g4 d4 28. b4 Na4 29. Nb3 Nd7 30. g5 f6 1/2-1/2

[Event "2. AUT Bundesliga 2020-21"]
[Site "Graz"]
[Date "2021.03.13"]
[Round "2.8"]
[White "Ftacnik, Lubomir"]
[Black "Frank, Emanuel"]
[Result "1-0"]
[ECO "D37"]
[WhiteElo "2512"]
[BlackElo "2242"]
[Annotator "ChessBase"]
[PlyCount "59"]
[EventDate "2021.01.17"]
[EventType "team-tourn"]
[EventCountry "AUT"]
[SourceTitle "playchess.com"]
[Source "ChessBase"]
[SourceQuality "1"]
[TimeControl "40/5400+30:1800+30"]

1. Nf3 d5 2. d4 Nf6 3. c4 e6 4. Nc3 Be7 5. Bf4 O-O 6. e3 b6 7. Bd3 c5 8. cxd5 Nxd5 9. Be4 Bb7 10. dxc5 bxc5 11. O-O f5 12. Qb3 Bc6 13. Bxd5 Bxd5 14. Nxd5 Qxd5 15. Qxd5 exd5 16. Rad1 Rd8 17. Rd2 Kf7 18. Bxb8 Rdxb8 19. Ne5+ Ke6 20. Nc6 Rb7 21. Rfd1 Bf8 22. Rxd5 Rxb2 23. Rd7 Kf6 24. a4 Ra2 25. a5 a6 26. Rc7 Re8 27. h4 Ke6 28. f4 c4 29. Nd8+ Kf6 30. Rc6+ 1-0

[Event "2. AUT Bundesliga 2020-21"]
[Site "Graz"]
[Date "2021.03.13"]
[Round "2.9"]
[White "Heindl, Matthias"]
[Black "Milanovic, Danilo"]
[Result "0-1"]
[ECO "A21"]
[WhiteElo "2200"]
[BlackElo "2466"]
[Annotator "ChessBase"]
[PlyCount "84"]
[EventDate "2021.01.17"]
[EventType "team-tourn"]
[EventCountry "AUT"]
[SourceTitle "playchess.com"]
[Source "ChessBase"]
[SourceQuality "1"]
[TimeControl "40/5400+30:1800+30"]

1. c4 e5 2. Nf3 d6 3. Nc3 Nf6 4. g3 g6 5. Bg2 Bg7 6. d4 Nbd7 7. O-O O-O 8. h3 c6 9. e4 exd4 10. Nxd4 Re8 11. Be3 a5 12. Qc2 Nc5 13. Rad1 Nfd7 14. Rfe1 a4 15. f4 Qa5 16. Bf2 Qb4 17. a3 Qa5 18. Nf3 Nb6 19. Bf1 Bf8 20. f5 Nbd7 21. e5 Nxe5 22. Nxe5 dxe5 23. g4 gxf5 24. gxf5 e4 25. Bd4 Bxf5 26. Qg2+ Bg6 27. Kh1 Bg7 28. Bxg7 Kxg7 29. h4 Re5 30. Be2 h5 31. Qg3 Rae8 32. Rg1 R8e6 33. Rdf1 Qd8 34. Qf4 Qe7 35. Bd1 Rf6 36. Qg3 Rxf1 37. Rxf1 Kh7 38. Ne2 Nd3 39. Bxa4 e3 40. b4 Re4 41. Bc2 Rxh4+ 42. Kg1 Rg4 0-1

[Event "2. AUT Bundesliga 2020-21"]
[Site "Graz"]
[Date "2021.03.13"]
[Round "2.10"]
[White "Druska, Juraj"]
[Black "Hafner, Robert"]
[Result "1-0"]
[ECO "B10"]
[WhiteElo "2495"]
[BlackElo "2006"]
[Annotator "ChessBase"]
[PlyCount "71"]
[EventDate "2021.01.17"]
[EventType "team-tourn"]
[EventCountry "AUT"]
[SourceTitle "playchess.com"]
[Source "ChessBase"]
[SourceQuality "1"]
[TimeControl "40/5400+30:1800+30"]

1. e4 c6 2. Nf3 d5 3. d3 Bg4 4. h3 Bxf3 5. Qxf3 e6 6. g3 Nf6 7. Bg2 Be7 8. O-O O-O 9. Qe2 Ne8 10. e5 Nd7 11. Nd2 g6 12. f4 Ng7 13. Nf3 Qc7 14. Be3 a5 15. g4 a4 16. c3 Qa5 17. Rac1 Qa6 18. Rfd1 Rfd8 19. Bf1 Rac8 20. Qf2 Qa5 21. a3 Bc5 22. d4 Be7 23. Bd3 f5 24. exf6 Bxf6 25. Kg2 Rf8 26. Qe2 Be7 27. Rh1 Bd6 28. Ne5 Nxe5 29. fxe5 Be7 30. h4 Qd8 31. Rh3 Rf7 32. Rch1 Qd7 33. Qc2 b5 34. h5 gxh5 35. Bxh7+ Kh8 36. Bg6 1-0

[Event "2. AUT Bundesliga 2020-21"]
[Site "Graz"]
[Date "2021.03.13"]
[Round "2.11"]
[White "Bresch, Manfred"]
[Black "Borhy, Marcell"]
[Result "0-1"]
[ECO "B27"]
[WhiteElo "2008"]
[BlackElo "2392"]
[Annotator "NA"]
[PlyCount "87"]
[EventDate "2021.01.17"]
[EventType "team-tourn"]
[EventCountry "AUT"]
[SourceTitle "playchess.com"]
[Source "ChessBase"]
[SourceQuality "1"]
[TimeControl "40/5400+30:1800+30"]

1. e4 c5 2. Nf3 b6 3. Bc4 Bb7 4. d3 e6 5. O-O Nf6 6. Bg5 d6 7. Nc3 Be7 8. Qe2 O-O 9. Rae1 Nc6 10. a3 $1 a6 11. Bd2 Re8 12. Ba2 Qc7 13. Ng5 h6 14. Nh3 b5 15. f4 b4 16. Nb1 Qb6 17. Be3 d5 18. e5 Nd7 19. Nd2 Qa5 20. Bb3 bxa3 21. bxa3 c4 22. dxc4 d4 23. Bf2 Bxa3 ({Much weaker is} 23... Qxa3 $6 24. Ra1 $14) ({Better is} 23... Nc5 $15) 24. Ra1 Qc5 25. Ne4 Qe7 26. Rfd1 $14 Red8 27. Rd3 Nc5 28. Nxc5 Bxc5 29. Qg4 Qf8 30. Bh4 Ne7 31. Kh1 Rd7 32. Rad1 Nf5 33. Bf2 Rc7 34. Ng1 Qe8 35. Ne2 Be4 36. Rh3 Ne3 37. Bxe3 Bf5 38. Qf3 Bxh3 39. Bxd4 Bf5 40. Bc3 a5 41. Ba4 Rd8 42. Rxd8 Qxd8 43. Ng3 Rb7 44. Qf1 0-1

[Event "2. AUT Bundesliga 2020-21"]
[Site "Graz"]
[Date "2021.03.13"]
[Round "2.12"]
[White "Steiner, Peter"]
[Black "Tusha, John"]
[Result "1-0"]
[ECO "C50"]
[WhiteElo "1968"]
[BlackElo "1783"]
[Annotator "NA"]
[PlyCount "53"]
[EventDate "2021.01.17"]
[EventType "team-tourn"]
[EventCountry "AUT"]
[SourceTitle "playchess.com"]
[Source "ChessBase"]
[SourceQuality "1"]
[TimeControl "40/5400+30:1800+30"]

1. e4 e5 2. Nf3 Nc6 3. Bc4 Nf6 4. d3 Bc5 5. O-O d6 6. c3 a5 7. a4 h6 8. Nbd2 g5 9. Nb3 Ba7 10. Be3 Bg4 11. Re1 Ne7 (11... Bxe3 $14 12. fxe3 O-O) 12. Nbd2 (12. d4 $16 Nxe4 13. dxe5 (13. Nxa5 d5 $14) 13... Bxe3 14. Rxe3) 12... Bh5 (12... Bxe3 $14 13. fxe3 O-O) 13. Qb3 (13. Bxa7 $16 Rxa7 14. h3) 13... Qc8 $16 (13... O-O $14) 14. Bxa7 Rxa7 15. d4 exd4 16. cxd4 O-O 17. e5 dxe5 18. dxe5 Nh7 19. Ne4 Bxf3 20. Qxf3 Qf5 21. Qc3 Raa8 22. Rad1 b6 23. Ng3 Qg4 24. Rd4 Qc8 25. e6 f5 26. Rd7 Re8 27. Nh5 1-0

[Event "2. AUT Bundesliga 2020-21"]
[Site "Graz"]
[Date "2021.03.13"]
[Round "2.13"]
[White "Gelbenegger, Patrick"]
[Black "Kuba, Guenter"]
[Result "1/2-1/2"]
[ECO "C54"]
[WhiteElo "2248"]
[BlackElo "2348"]
[Annotator "ChessBase"]
[PlyCount "62"]
[EventDate "2021.01.17"]
[EventType "team-tourn"]
[EventCountry "AUT"]
[SourceTitle "playchess.com"]
[Source "ChessBase"]
[SourceQuality "1"]
[TimeControl "40/5400+30:1800+30"]

1. e4 e5 2. Nf3 Nc6 3. Bc4 Bc5 4. c3 Nf6 5. d3 a6 6. Bb3 Ba7 7. O-O d6 8. Nbd2 O-O 9. h3 h6 10. Re1 Be6 11. Bc2 Re8 12. Nf1 d5 13. exd5 Qxd5 14. Ng3 Rad8 15. Be3 Bxe3 16. Rxe3 Qb5 17. Ba4 Qxb2 18. Nxe5 Qxc3 19. Nxc6 bxc6 20. Rc1 Qa3 21. Bxc6 Rf8 22. Qc2 Qxa2 23. Qxa2 Bxa2 24. Ra1 Bd5 25. Rxa6 Bxc6 26. Rxc6 Nd5 27. Re5 g6 28. Ne4 Kg7 29. Rc5 Nf6 30. Rxc7 Rxd3 31. Nxf6 Kxf6 1/2-1/2

[Event "2. AUT Bundesliga 2020-21"]
[Site "Graz"]
[Date "2021.03.13"]
[Round "2.14"]
[White "Csonka, Attila Istvan"]
[Black "Breneis, Lukas"]
[Result "1-0"]
[ECO "B07"]
[WhiteElo "2362"]
[BlackElo "2252"]
[Annotator "NA"]
[PlyCount "129"]
[EventDate "2021.01.17"]
[EventType "team-tourn"]
[EventCountry "AUT"]
[SourceTitle "playchess.com"]
[Source "ChessBase"]
[SourceQuality "1"]
[TimeControl "40/5400+30:1800+30"]

1. e4 d6 2. d4 Nf6 3. Nc3 c6 4. a4 e5 5. Nf3 Nbd7 6. Bc4 Be7 7. O-O O-O 8. Re1 Qc7 {[%emt 0:23:28] 8...h6 is a critical line.} 9. Ba2 Rb8 10. Qd3 b6 11. Bg5 a6 {[%emt 0:08:11] [#]} 12. d5 $146 ({Predecessor:} 12. Rad1 b5 13. axb5 axb5 14. dxe5 dxe5 15. h3 Nc5 16. Qe3 Ne6 17. Bxe6 Bxe6 18. Bh4 {1-0 (40) Crespo,E (2174)-Paolini,C (1937) Trelew 2018}) 12... cxd5 13. Bxd5 Nc5 14. Qe2 Be6 15. Bxf6 Bxf6 16. Red1 Rfc8 17. Ra3 Qa7 18. Qe3 Qc7 19. Qe2 Qa7 20. Nd2 Be7 21. Nc4 Qc7 22. Ne3 Qa7 23. Nf5 Bxf5 (23... Bf8 $16 {might work better.}) 24. exf5 Nd7 25. Ne4 (25. Qh5 $18 {has better winning chances.} Nf6 26. Qxf7+ Kh8 27. Ne4) 25... Nf6 26. Rad3 $16 b5 27. axb5 axb5 28. Nxf6+ Bxf6 29. Bb3 Rd8 30. Qe4 Rb6 31. g3 h6 32. Kg2 Be7 33. Rf3 Bf6 34. h4 Qa8 35. Rd5 Qa1 36. Rc3 Qa7 37. Kh3 Ra6 38. Kg2 Rb6 39. Rd1 Qb7 40. Bd5 Qa7 41. Ra3 Ra6 42. Rda1 Rxa3 43. Rxa3 Qb6 44. Qe3 Qc5 45. Qe4 Qb6 46. Rc3 Qa5 47. b4 Qa7 48. Qe3 Qd7 49. Qe4 Qa7 50. Rc6 Be7 51. Qd3 Qd7 52. Rb6 Rc8 53. Rb7 Rc7 54. Rxc7 Qxc7 55. Qxb5 Kf8 56. c4 g6 57. fxg6 fxg6 58. Qa4 Kg7 59. Qe8 Bf8 60. Qe6 Qe7 61. Qg8+ Kf6 62. b5 e4 63. b6 e3 64. fxe3 Qxe3 65. Qxf8+ 1-0

[Event "2. AUT Bundesliga 2020-21"]
[Site "Graz"]
[Date "2021.03.13"]
[Round "2.15"]
[White "Meyer, Gordon"]
[Black "Postl, Anton"]
[Result "1/2-1/2"]
[ECO "B94"]
[WhiteElo "2216"]
[BlackElo "2290"]
[Annotator "ChessBase"]
[PlyCount "72"]
[EventDate "2021.01.17"]
[EventType "team-tourn"]
[EventCountry "AUT"]
[SourceTitle "playchess.com"]
[Source "ChessBase"]
[SourceQuality "1"]
[TimeControl "40/5400+30:1800+30"]

1. e4 c5 2. Nf3 d6 3. d4 cxd4 4. Nxd4 Nf6 5. Nc3 a6 6. Bg5 Nbd7 7. Qd2 e6 8. O-O-O b5 9. f3 Bb7 10. h4 b4 11. Nce2 Qa5 12. Kb1 d5 13. Nb3 Qc7 14. exd5 Nxd5 15. Nf4 Bd6 16. Nxd5 Bxd5 17. c4 bxc3 18. Qxc3 Qxc3 19. bxc3 Be5 20. c4 Bc6 21. Be3 Ke7 22. Be2 Rhc8 23. Bd4 Ba4 24. Bxe5 Nxe5 25. Rc1 Rab8 26. Rc3 Nd7 27. Kb2 Nc5 28. Ka3 Bxb3 29. axb3 a5 30. g4 Rb4 31. Bd1 Rd8 32. Bc2 h6 33. Rd1 Rxd1 34. Bxd1 g5 35. hxg5 hxg5 36. Re3 Kd6 1/2-1/2

[Event "2. AUT Bundesliga 2020-21"]
[Site "Graz"]
[Date "2021.03.13"]
[Round "2.17"]
[White "Raber, Florian"]
[Black "Stradner, Stefan"]
[Result "1-0"]
[ECO "A57"]
[WhiteElo "2128"]
[BlackElo "2124"]
[Annotator "NA"]
[PlyCount "93"]
[EventDate "2021.01.17"]
[EventType "team-tourn"]
[EventCountry "AUT"]
[SourceTitle "playchess.com"]
[Source "ChessBase"]
[SourceQuality "1"]
[TimeControl "40/5400+30:1800+30"]

1. d4 Nf6 2. c4 c5 3. d5 b5 4. cxb5 a6 5. b6 d6 6. Nc3 Nbd7 7. e4 Rb8 8. Nf3 g6 9. Be2 Bg7 10. O-O Rxb6 11. Nd2 O-O 12. a4 Rb4 13. a5 e6 14. dxe6 fxe6 15. Nc4 Ne5 (15... Ne8 $1 $14) 16. Nxe5 ({Wrong is} 16. Nxd6 $2 Rd4 $19 {[%mdl 64] Double Attack}) 16... dxe5 17. Qc2 Bb7 18. f3 $18 Qc7 19. Be3 Rb8 20. Na2 Bxe4 21. fxe4 Rxb2 22. Qc4 Nxe4 23. Qxe4 Rxe2 24. Nc3 Reb2 25. Rab1 Rxb1 26. Rxb1 Rxb1+ 27. Qxb1 Qxa5 28. Qb8+ Kf7 29. Qa7+ Kg8 30. Qb8+ Kf7 31. Qa7+ Kg8 32. Qxc5 Qa1+ 33. Kf2 Qb2+ 34. Kf3 Qb7+ 35. Ne4 Qf7+ 36. Ke2 Qf5 37. Qc8+ Bf8 38. Ng5 Qg4+ 39. Kf2 Qf5+ 40. Kg3 a5 41. Nxe6 h5 42. Qxf8+ Qxf8 43. Nxf8 Kxf8 44. Kf3 Kf7 45. Ke4 Ke6 46. Bd2 a4 47. Bc3 1-0

[Event "2. AUT Bundesliga 2020-21"]
[Site "Graz"]
[Date "2021.03.13"]
[Round "2.18"]
[White "Eibinger, Manuel"]
[Black "Ring, Rudolf"]
[Result "1/2-1/2"]
[ECO "A20"]
[WhiteElo "2019"]
[BlackElo "1737"]
[Annotator "NA"]
[PlyCount "64"]
[EventDate "2021.01.17"]
[EventType "team-tourn"]
[EventCountry "AUT"]
[SourceTitle "playchess.com"]
[Source "ChessBase"]
[SourceQuality "1"]
[TimeControl "40/5400+30:1800+30"]

1. c4 e5 2. g3 Nf6 3. Bg2 c6 4. Nc3 Be7 5. d4 exd4 6. Qxd4 Qb6 7. Qxb6 axb6 8. Be3 Bc5 9. Bd2 Ng4 10. Ne4 Na6 11. Rc1 f6 12. a3 f5 13. Nxc5 Nxc5 14. Bc3 O-O 15. Nh3 Re8 16. Rd1 Ne4 17. Bxe4 fxe4 18. O-O Ra4 19. Rd4 c5 ({Better is} 19... Nh6 $14) 20. Rd6 Rxc4 21. Nf4 $16 Nf6 22. Bxf6 gxf6 23. Nd5 Kg7 24. Nxb6 Rc2 25. Nxc8 Rxc8 26. Rxd7+ Kg6 27. Rxb7 Rxe2 28. Rc1 Rd8 29. Rb3 Rdd2 30. Rxc5 Re1+ 31. Kg2 e3 32. Kf3 exf2 1/2-1/2

[Event "2. AUT Bundesliga 2020-21"]
[Site "Graz"]
[Date "2021.03.14"]
[Round "3.10"]
[White "Wiesinger, Robert"]
[Black "Druska, Juraj"]
[Result "1/2-1/2"]
[ECO "B76"]
[WhiteElo "2239"]
[BlackElo "2495"]
[Annotator "RC"]
[PlyCount "40"]
[EventDate "2021.01.17"]
[EventType "team-tourn"]
[EventCountry "AUT"]
[SourceTitle "playchess.com"]
[Source "ChessBase"]
[SourceQuality "1"]
[TimeControl "40/5400+30:1800+30"]

1. e4 c5 2. Nf3 d6 3. d4 cxd4 4. Nxd4 Nf6 5. Nc3 g6 6. Be3 Bg7 7. f3 O-O 8. Qd2 Nc6 9. O-O-O d5 10. Qe1 e5 11. Nxc6 bxc6 12. exd5 Nxd5 13. Bc4 Be6 14. Ne4 Qc7 15. Bc5 Rfe8 16. g4 Nf4 17. Bd6 Qb6 18. Bc5 Qc7 19. Bd6 Qb6 20. Bc5 Qc7 1/2-1/2